 Dungeon Crawl Stone Soup version 0.30-a0-1103-g25895a7845 (webtiles) character file.

Game seed: 1233950428499018913

414 MackTheKnife the Trooper (level 7, -1/55 HPs)
             Began as a Human Fighter on Apr 18, 2023.
             Constricted to death by Eustachio (8 damage)
             ... on level 5 of the Dungeon.
             The game lasted 00:07:23 (2949 turns).

MackTheKnife the Trooper (Human Fighter)            Turns: 2949, Time: 00:07:24

Health: -1/55      AC: 10    Str: 19    XL:     7   Next: 14%
Magic:  7/7        EV:  4    Int: 14    God:
Gold:   853        SH:  4    Dex: 12    Spells: 6/6 levels left

rFire   . . .      SeeInvis +    m - +13 consecrated labrys {holy, Valiant Fragile Fly SInv}
rCold   + . .      Faith    .    c - +0 buckler
rNeg    . . .      Spirit   .    v - +1 chain mail {rC+}
rPois   .          Reflect  .    (no helmet)
rElec   .          Rampage  .    (no cloak)
rCorr   .                        (no gloves)
Will    .....                    (no boots) Stlth
                                 (no amulet)
HPRegen 0.29/turn                p - +6 ring of intelligence
MPRegen 0.10/turn                (no ring)

@: mighty, grasped by roots, flying, constricted
A: no striking features
a: no special abilities


You were on level 5 of the Dungeon.
You visited 1 branch of the dungeon, and saw 5 of its levels.

You collected 1646 gold pieces.
You spent 793 gold pieces at shops.


   Skills:
 - Level 4.5 Fighting
 - Level 4.1 Long Blades
 + Level 4.3 Axes
 - Level 3.0 Armour
 - Level 3.0 Shields


You had 6 spell levels left.
You didn't know any spells.
Your spell library contained the following spells:

 Spells                   Type           Power      Damage    Failure   Level
 Foxfire                  Conj/Fire      0%         2x1d4     97%         1
 Fireball                 Conj/Fire      0%         3d3       100%        5
 Plasma Beam              Fire/Air       0%         2x1d11    100%        6
 Starburst                Conj/Fire      0%         6d3       100%        6

Inventory:

Hand Weapons
 m - the +13 consecrated labrys (weapon) {holy, Valiant Fragile Fly SInv}
   (You bought it in a shop on level 2 of the Dungeon)

   Valiant:   It becomes more powerful as more dangerous foes come into view.
   SInv:      It lets you see invisible.
   Fly:       It grants you flight.
   Fragile:   It will be destroyed if unequipped.
Armour
 c - a +0 buckler (worn)
 v - a +1 chain mail of cold resistance (worn)
   (You bought it in a shop on level 3 of the Dungeon)
Jewellery
 p - a +6 ring of intelligence (left hand)
   (You found it on level 2 of the Dungeon)
Scrolls
 b - a scroll of vulnerability {unknown}
 e - a scroll of enchant weapon {unknown}
 h - a scroll of poison {!r}
 l - 2 scrolls of identify {unknown}
 n - 2 scrolls of fog {unknown}
 r - 2 scrolls of immolation {unknown}
 s - a scroll of magic mapping {unknown}
 t - a scroll of butterflies {unknown}
 u - a scroll of amnesia {unknown}
Potions
 a - a potion of curing {@q1}
 g - a potion of haste {unknown}
 i - a potion of brilliance {unknown}
 k - 2 potions of flight {unknown}
 o - 2 potions of degeneration {unknown}
 q - a potion of invisibility {unknown}

Dungeon Overview and Level Annotations

Branches:
Dungeon (6/15) Zot: 26885
 Temple: D:4-7

Altars:

Shops:
D:2 (   D:3 [

Annotations:
D:5 Eustachio

#..............+....
#..............#....
####...........[..#....
##..##'##..........#####
#.......#....####..
#.......#....# ..
#.......#....#
#######'#....#
#..ยงยง@r@....##
#.....r)....#
#.....r.....+
#...........#
#.#######+### .. @


You could see Eustachio, a river rat (summoned), a quokka (summoned) and a rat
(summoned).


Message History

You reach down and open the door.
A centaur comes into view.
The centaur shouts!
The centaur wields a +0 shortbow.
The centaur shoots an arrow.
The arrow hits you!
There is an open door here. ๐Ÿ˜• HP[-10]
You take 10 damage, and now have 39/49 hp.
MASSIVE DAMAGE!! (PAUSE) Eustachio the Magnificent comes into view.
He is wielding a +0 falchion and carrying a wand of roots (6).
The centaur shoots an arrow.
The arrow hits you. ๐Ÿ˜• HP[-2]
You take 2 damage, and now have 37/49 hp.
You hear the slow hiss of an avalanche of sand very nearby.
The centaur shoots an arrow.
The arrow hits you.
The centaur shoots an arrow.
The arrow hits you!
There is an open door here. ๐Ÿ˜ฎ HP[-12]
You take 12 damage, and now have 25/49 hp.
MASSIVE DAMAGE!! (PAUSE) Unknown command. ๐Ÿ˜ฎ HP[+1] Eustachio shouts!
The centaur shoots an arrow.
The arrow barely misses you.
Eustachio screams, "This atrocity can only be purified with blood!"
Eustachio casts a spell.
The centaur shoots an arrow.
The arrow hits you!
* * * LOW HITPOINT WARNING * * *
There is an open door here. ๐Ÿ˜จ HP[-9]
You take 9 damage, and now have 17/49 hp.
Unknown command.
The centaur unwields a +0 shortbow.
The centaur hits you but does no damage.
The centaur kicks you but does no damage.
Unknown command.
You slice the centaur!! The centaur hits you.
* * * LOW HITPOINT WARNING * * *
The centaur kicks you but does no damage.
The bat hits you but does no damage. The centaur barely misses you. x2
The bat hits you but does no damage.
Unknown command.
You slash the centaur!
You kill the centaur!
You slash the bat!
You kill the bat!
The bat's corpse disappears in a puff of smoke!
Eustachio zaps a wand.
The roots erupt in riotous growth!
The quokka is unaffected.
The grasping roots grab you! The grasping roots constrict you.
* * * LOW HITPOINT WARNING * * *
The quokka bites you.
* * * LOW HITPOINT WARNING * * *
You hear a bark!
You hear an angry hiss.
Your Axes skill increases to level 4!
You have reached level 7! ๐Ÿ˜จ HP[-1] MP[+1]
You now have 55 max hp (+6).
Your mp is fully restored (7).
Unknown command.
You feel very mighty all of a sudden.
The quokka bites you but does no damage.
Eustachio casts a spell.
The grasping roots constrict you!
* * * LOW HITPOINT WARNING * * *
The grasping roots release their grip on you. ๐Ÿ˜ฑ HP[-7]
You take 7 damage, and now have 9/55 hp.
Unknown command.
You slash the quokka!
You kill the quokka!
The quokka's corpse disappears in a puff of smoke!
The river rat disappears in a puff of smoke!
The river rat barely misses you.
Eustachio zaps a wand.
The roots erupt in riotous growth!
The river rat is unaffected.
The quokka is unaffected.
Eustachio is unaffected.
The grasping roots grab you! The grasping roots constrict you.
* * * LOW HITPOINT WARNING * * *
You hear a bark!
You hear a shout!
You hear an angry hiss. ๐Ÿ˜ฑ HP[-1]
You take 1 damage, and now have 8/55 hp.
Unknown command.
You closely miss the river rat. The river rat bites you.
* * * LOW HITPOINT WARNING * * *
The grasping roots constrict you.
* * * LOW HITPOINT WARNING * * *
The quokka bites you but does no damage. ๐Ÿ˜ฑ HP[-7]
You take 7 damage, and now have 1/55 hp.
Unknown command.
Unknown command.
It was a potion of curing.
You feel better. The river rat bites you.
* * * LOW HITPOINT WARNING * * *
You block the quokka's attack. The grasping roots constrict you!
You die...

Skill      XL: |  1  2  3  4  5  6 |
---------------+-------------------+-----
Long Blades    | 3 4 |  4.1
Fighting       | 4 |  4.5
Axes           | 1 4 |  4.3
Armour         | |  3.0
Shields        | |  3.0

Action                     |  1- 3 |  4- 6 |  7- 9 || total
---------------------------+-------+-------+-------++-------
  Melee: Long sword        |    33 |       |       ||    33
         Scimitar          |    63 |    66 |       ||   129
         Labrys            |       |    32 |     2 ||    34
  Throw: Throwing net      |       |     1 |       ||     1
    Use: Scroll            |       |     4 |       ||     4
         Potion            |       |       |     2 ||     2
 Armour: Scale mail        |    56 |    35 |       ||    91
         Chain mail        |       |    15 |     2 ||    17
  Dodge: Dodged            |    64 |    52 |     1 ||   117
  Block: Buckler           |    21 |    18 |     1 ||    40

Levels and vault maps discovered:
D:1:      lemuel_arrival_room, layout_basic
D:2:      layout_basic, shapermc_ecumenical_altar_pompeii, serial_aquarium,
          aquarium_bridge_straight [aquarium_subvault_bridge,
          aquarium_subvault_wall, aquarium_subvault_bridge,
          aquarium_subvault_wall], aquarium_bridge_square
          [aquarium_subvault_window, aquarium_subvault_wall,
          aquarium_subvault_wall, aquarium_subvault_bridge],
          aquarium_window_corridor_1, aquarium_window_2, aquarium_view_2d,
          aquarium_view_2d, aquarium_balcony_3a, aquarium_pool_four,
          serial_shops, nicolae_square_shop, minmay_lizard_pond
D:3:      layout_loops_ring, serial_shops, shop, serial_aquarium,
          aquarium_bridge_long_joined [aquarium_subvault_window,
          aquarium_subvault_window, aquarium_subvault_bridge,
          aquarium_subvault_window, aquarium_subvault_wall,
          aquarium_subvault_window], aquarium_window_1, aquarium_window_2,
          aquarium_window_3, aquarium_view_2f, aquarium_pool_2,
          minmay_misc_feat_ornament, st_stairs_14
D:5:      layout_gridville, enter_ossuary_3, serial_shops, shop, shop,
          nicolae_shop_trees, nicolae_shop_behind_doors, uniq_blork_the_orc,
          uniq_grinder, uniq_eustachio, uniq_menkaure
D:6:      layout_cave_pools, minmay_temple_entry_large_hall,
          serial_column_ruins, column_ruins_hut, column_ruins_grid_1,
          column_ruins_open_large, column_ruins_columns_straight,
          column_ruins_grid_3, minmay_fountain_box,
          chequers_hall_statues_corner_a

Notes
Turn   | Place    | Note
-------+----------+-------------------------------------------
     0 | D:1      | MackTheKnife the Human Fighter began the quest for the Orb.
     0 | D:1      | Reached XP level 1. HP: 18/18 MP: 1/1
     0 | D:1      | magus.rc [v1.9.6]
   283 | D:1      | Reached XP level 2. HP: 21/24 MP: 2/2
   451 | D:1      | Reached skill level 3 in Long Blades
   874 | D:2      | Reached XP level 3. HP: 29/29 MP: 3/3
   910 | D:2      | Noticed an ogre
  1129 | D:2      | Found a faded altar of an unknown god.
  1191 | D:2      | Reached skill level 4 in Long Blades
  1191 | D:2      | Reached XP level 4. HP: 35/35 MP: 4/4
  1204 | D:2      | Found Fihaum's Antique Weapon Shop.
  1292 | D:2      | HP: 4/35 [hobgoblin/sling bullet (8)]
  1821 | D:2      | Killed an ogre
  1822 | D:2      | Reached skill level 4 in Fighting
  1822 | D:2      | Reached XP level 5. HP: 43/43 MP: 5/5
  1859 | D:2      | You pick up a book of Fire and begin reading...
  1859 | D:2      | You add the spells Foxfire, Fireball, Plasma Beam and
                  | Starburst to your library.
  2251 | D:3      | Identified 2 scrolls of acquirement
  2251 | D:3      | Acquired 578 gold pieces
  2280 | D:2      | Acquired 920 gold pieces
  2335 | D:2      | Bought the +4 consecrated labrys {holy, Valiant Fragile Fly
                  | SInv} for 628 gold pieces
  2335 | D:2      | Found the +4 consecrated labrys {holy, Valiant Fragile Fly
                  | SInv}
  2415 | D:3      | Reached skill level 1 in Axes
  2504 | D:3      | Found Jahedama's Armour Emporium.
  2511 | D:3      | Bought a +1 chain mail of cold resistance for 165 gold
                  | pieces
  2610 | D:3      | Reached XP level 6. HP: 49/49 MP: 6/6
  2816 | D:3      | Identified a +0 robe of the Archmagi
  2822 | D:3      | Reached skill level 2 in Axes
  2830 | D:3      | You are sucked into a shaft and drop 3 floors!
  2840 | D:5      | Entered Level 5 of the Dungeon
  2856 | D:5      | Reached skill level 3 in Axes
  2937 | D:5      | Noticed Eustachio
  2946 | D:5      | Reached skill level 4 in Axes
  2946 | D:5      | Reached XP level 7. HP: 16/55 MP: 7/7
  2946 | D:5      | HP: 9/55 [constriction (7)]
  2948 | D:5      | HP: 4/55 [river rat[Eustachio] (4)]
  2948 | D:5      | HP: 1/55 [constriction (3)]
  2949 | D:5      | Constricted to death by Eustachio

Vanquished Creatures
  A centaur (D:5)
  An ogre (D:2)
  A jelly (D:5)
  An orc priest (D:3)
  An iguana (D:5)
  An orc wizard (D:3)
  6 adders
  A worm (D:2)
  A dart slug (D:2)
  An orc (D:3)
  6 endoplasms
  A giant cockroach (D:1)
  5 goblins
  6 hobgoblins
  4 jackals (D:1)
  4 kobolds
  4 quokkas
  A ball python (D:2)
  5 bats
  8 frilled lizards
  4 rats
63 creatures vanquished.

Vanquished Creatures (others)
  An orc wizard (D:3)
1 creature vanquished.

Grand Total: 64 creatures vanquished

Table legend:
 A = Non-vault XP
 B = Vault XP
 C = Vault XP percentage of total XP
 D = Non-vault monster count
 E = Vault monster count
 F = Vault count percentage of total count
                 A         B        C        D         E       F
            +---------+---------+-------+---------+---------+-------
      Total |     585 |       7 |   1.2 |      57 |       7 |  10.9
            +---------+---------+-------+---------+---------+-------
        D:1 |      30 |       0 |   0.0 |      16 |       0 |   0.0
        D:2 |     185 |       6 |   3.1 |      25 |       6 |  19.4
        D:3 |     160 |       1 |   0.6 |      12 |       1 |   7.7
        D:5 |     210 |       0 |   0.0 |       4 |       0 |   0.0
            +---------+---------+-------+---------+---------+-------

Illustrated notes

Table legend:
 A = Kills in this place as a percentage of kills in the entire game.
 B = Kills by you in this place as a percentage of kills by you in the entire game.
 C = Kills by friends in this place as a percentage of kills by friends in the entire game.
 D = Other kills in this place as a percentage of other kills in the entire game.
 E = Experience gained in this place as a percentage of experience gained in the entire game.
 F = Experience gained in this place divided by the number of levels of this place that you have seen.
                   A       B       C       D       E      F
               +-------+-------+-------+-------+-------+----------------------
         Total | 100.0 | 100.0 |   N/A | 100.0 | 100.0 | 118.4
       Dungeon | 100.0 | 100.0 |   N/A | 100.0 | 100.0 | 118.4
               +-------+-------+-------+-------+-------+----------------------

Table legend: (Time is in decaauts)
 A = Elapsed time spent in this place.
 B = Non-inter-level travel time spent in this place.
 C = Inter-level travel time spent in this place.
 D = Time resting spent in this place.
 E = Time spent auto-exploring this place.
 F = Levels seen in this place.
 G = Mean time per level.
                   A        B        C        D        E       F      G
               +--------+--------+--------+--------+--------+-----+--------+
         Total |   3010 |   2754 |    256 |    268 |   1875 |   5 |  602.0 |
       Dungeon |   3010 |   2754 |    256 |    268 |   1875 |   5 |  602.0 |
               +--------+--------+--------+--------+--------+-----+--------+

Top non-repeatable levels by time:
     D:2: 1143 daAuts
     D:1: 1082 daAuts
     D:3: 661 daAuts
     D:5: 113 daAuts
     D:6: 9 daAuts
